 Dungeon Crawl Stone Soup version 0.25.1-2-g60ff931df9 (webtiles) character file.

Game seed: 5744092045838415710

24285 roke1 the Zephyrmancer (level 12, -4/71 HPs)
             Began as a Deep Elf Air Elementalist on Oct 15, 2020.
             Was an Elder of Vehumet.
             Slain by a blink frog (15 damage)
             ... on level 4 of the Lair of Beasts on Oct 16, 2020.
             The game lasted 00:51:23 (19869 turns).

roke1 the Zephyrmancer (Deep Elf Air Elementalist) Turns: 19869, Time: 00:51:23

Health: -4/71      AC:  7    Str:  9    XL:     12   Next: 79%
Magic:  6/29       EV: 19    Int: 26    God:    Vehumet [****..]
Gold:   900        SH:  5    Dex: 15    Spells: 2/33 levels left

rFire    . . .     SeeInvis .   n - +2 dagger (freeze)
rCold    . . .     Gourm    .   j - +0 buckler
rNeg     . . .     Faith    .   p - +2 robe of Xalumos {Int+4}
rPois    .         Spirit   .   G - +0 helmet
rElec    .         Reflect  .   f - scarf {repulsion}
rCorr    .         Harm     .   q - +1 pair of gloves
MR       +....                  (no boots)
Stlth    ++........             M - amulet of magic regeneration
HPRegen  0.21/turn              v - ring of wizardry
MPRegen  0.46/turn              D - ring of wizardry

@: repel missiles
A: no striking features
a: Renounce Religion


You were on level 4 of the Lair of Beasts.
You worshipped Vehumet.
Vehumet was greatly pleased with you.
You were not hungry.

You visited 3 branches of the dungeon, and saw 15 of its levels.

You collected 900 gold pieces.

Inventory:

Hand Weapons
 k - a +1 mace of protection
 l - a +1 spear of venom
 n - a +2 dagger of freezing (weapon)
Armour
 f - a scarf of repulsion (worn)
 j - a +0 buckler (worn)
 p - the +2 robe of Xalumos (worn) {Int+4}
   (You found it on level 6 of the Dungeon)

   It affects your intelligence (+4).
 q - a +1 pair of gloves (worn)
 G - a +0 helmet (worn)
 K - a +1 robe of cold resistance
Jewellery
 v - a ring of wizardry (left hand)
 D - a ring of wizardry (right hand)
 H - an uncursed amulet of reflection
 I - an uncursed ring of fire
 M - an amulet of magic regeneration (around neck)
Wands
 r - a wand of polymorph (11)
 u - a wand of digging (5)
 x - a wand of disintegration (19)
 y - a wand of iceblast (14)
 B - a wand of acid (4)
 E - a wand of clouds (14)
Scrolls
 b - 3 scrolls of identify
 e - a scroll of teleportation
 g - 4 scrolls of amnesia
 o - 2 scrolls of enchant armour
 t - a scroll of enchant weapon
 w - 3 scrolls of fear
 J - a scroll of magic mapping
 O - a scroll of remove curse
Potions
 a - a potion of might
 d - 2 potions of mutation
 h - 5 potions of curing
 i - 2 potions of lignification
 m - a potion of flight
 s - 3 potions of heal wounds
 z - a potion of berserk rage
 A - 2 potions of cancellation
 C - 3 potions of brilliance
 F - a potion of resistance
 N - 2 potions of ambrosia
Comestibles
 c - 19 rations


   Skills:
 + Level 6.9 Fighting
 + Level 10.3 Dodging
 - Level 2.4 Stealth
 - Level 4.0 Shields
 + Level 11.1 Spellcasting
 * Level 11.4 Conjurations
 + Level 11.6 Air Magic
 + Level 2.5 Earth Magic


You had 2 spell levels left.
You knew the following spells:

 Your Spells              Type           Power        Failure   Level  Hunger
a - Shock                 Conj/Air       ####         1%          1    None
b - Swiftness             Chrm/Air       #####...     1%          2    None
c - Static Discharge      Conj/Air       ######..     1%          3    None
d - Airstrike             Air            ######....   1%          4    None
e - Lightning Bolt        Conj/Air       ######....   1%          5    ###....
f - Mephitic Cloud        Conj/Pois/Air  ######..     1%          3    None
g - Orb of Destruction    Conj           ######....   3%          7    ######.
h - Iron Shot             Conj/Erth      ######....   4%          6    #####..

Your spell library contained the following spells:

 Spells                   Type           Power        Failure   Level  Hunger
 Fulminant Prism          Conj/Hex       #####.....   1%          4    None
 Apportation              Tloc           ##....       1%          1    None
 Beastly Appendage        Tmut           ##....       1%          1    None
 Corona                   Hex            ##.....      1%          1    None
 Summon Butterflies       Summ           ##......     1%          1    None
 Slow                     Hex            ##......     1%          2    None
 Sticks to Snakes         Tmut           ##......     1%          2    None
 Inner Flame              Hex/Fire       ##......     1%          3    None
 Iskenderun's Battlesphe  Conj/Chrm      #####...     1%          5    ###....
 Bolt of Magma            Conj/Fire/Erth #####.....   2%          5    ###....
 Confusing Touch          Hex            ##......     3%          3    None
 Gell's Gravitas          Tloc           ##........   3%          3    None
 Lesser Beckoning         Tloc           ##........   3%          3    None
 Portal Projectile        Hex/Tloc       ##....       3%          3    None
 Spider Form              Tmut/Pois      ##........   3%          3    None
 Tukima's Dance           Hex            ##......     3%          3    None
 Leda's Liquefaction      Hex/Erth       ###.......   7%          4    None
 Petrify                  Tmut/Erth      ###.....     7%          4    None
 Cause Fear               Hex            ##........   11%         4    None
 Ice Form                 Ice/Tmut       ##......     11%         4    None
 Yara's Violent Unravell  Hex/Tmut       ##........   13%         5    ###....
 Alistair's Intoxication  Tmut/Pois      ##......     28%         5    ###....
 Blade Hands              Tmut           ##........   28%         5    ###....
 Metabolic Englaciation   Hex/Ice        ##........   28%         5    ###....
 Spellforged Servitor     Conj/Summ      #####.....   30%         7    ######.
 Invisibility             Hex            ##......     80%         6    #####..


Dungeon Overview and Level Annotations

Branches:
Dungeon (10/15)            Temple (1/1) D:4            Lair (4/6) D:10
  Swamp (0/4) Lair:2        Snake (0/4) Lair:2
    Orc: D:9-12

Altars:
Ashenzari
Cheibriados
Dithmenos
Elyvilon
Fedhas
Gozag
Hepliaklqana
Kikubaaqudgha
Makhleb
Nemelex Xobeh
Okawaru
Qazlal
Ru
Sif Muna
Trog
Uskayaw
Vehumet
Wu Jian
Xom
Yredelemnul
Zin
The Shining One

Annotations:
D:4 1 runed translucent door, Crazy Yiuf
D:8 2 transporters, Godmorgon's ghost, novice KoFi


Message History

The blast of flame misses you.
Casting: Lightning Bolt (safe; 1% risk of failure)
Confirm with . or Enter, or press ? or * to list all spells.
Aiming: Lightning Bolt (safe; 1% risk of failure)
Press: ? - help, Shift-Dir - straight line, f/p - fire crab
Aim: a fire crab (severely wounded)
You hear a mighty clap of thunder!
The bolt of lightning hits the fire crab!
The fire crab is almost dead.
You are engulfed in blazing flames.
* * * LOW HITPOINT WARNING * * *
You hear an angry hiss.
The blink frog is engulfed in blazing flames.
The blink frog hits you!
* * * LOW HITPOINT WARNING * * *
The blink frog is engulfed in blazing flames.
The blink frog blinks!
The blink frog is engulfed in blazing flames.
The blink frog hits you!
You die...

##.......###.#...##
###................P##
.....................#
....................(..P
........................
..............#.........
...........t............
......°°°.°.............
#.....°°°@°............
#.....°..F............
[.......○............
.....#P.†..≈≈≈≈≈....
........F..≈≈≈≈≈≈
..#...###.≈≈≈≈≈≈≈ =
..##.##..≈≈≈F≈≈≈≈ ...
#####..≈≈≈≈≈≈≈≈
....####..#.#..≈≈≈≈.≈≈


You could see a fire crab and 3 blink frogs.

Vanquished Creatures
  Fannar (Lair:1)
  A hydra (Lair:2)
  6 death yaks
  Nergalle (Lair:2)
  Pikel (D:5)
  4 elephants (Lair:4)
  Psyche (D:8)
  5 spiny frogs
  A komodo dragon (Lair:1)
  2 trolls (D:10)
  A hornet (D:9)
  14 blink frogs
  5 hippogriffs
  2 bog bodies (Lair:2)
  A wyvern (D:9)
  A hungry ghost (D:10)
  2 basilisks
  23 yaks
  A swamp worm (Lair:2)
  5 water moccasins
  8 porcupines
  A phantom (D:6)
  A sky beast (D:7)
  An orc warrior (D:10)
  2 necrophages
  3 ice beasts
  4 ogres
  5 wolves
  5 centaurs
  7 crocodiles
  A big kobold (D:10)
  10 bullfrogs
  3 scorpions
  12 killer bees
  4 wights (D:7)
  An electric eel (Lair:2)
  2 howler monkeys
  3 crimson imps
  2 bullfrog zombies (D:7)
  2 quasits
  2 jellies
  3 centaur skeletons
  An orc priest (D:5)
  2 bullfrog skeletons
  4 hounds
  4 orc wizards
  An iguana (D:6)
  Terence (D:3)
  3 worker ants
  A killer bee zombie (D:7)
  2 hound zombies
  8 adders
  13 gnolls
  2 shadow imps
  An ooze (D:2)
  2 adder zombies
  2 worms
  3 dart slugs
  2 leopard geckos
  13 orcs
  4 ball pythons
  4 giant cockroaches
  4 goblins
  4 hobgoblins
  2 jackals (D:5)
  3 quokkas
  A ball python skeleton (D:4)
  6 bats
  7 frilled lizards
  A jackal skeleton (D:5)
  A jackal zombie (D:5)
  13 kobolds
  5 rats
  2 fungi
  3 plants
285 creatures vanquished.

Vanquished Creatures (others)
  Natasha (D:2)
  19 fungi
  12 plants
32 creatures vanquished.

Grand Total: 317 creatures vanquished

Notes
Turn   | Place    | Note
-------+----------+-------------------------------------------
     0 | D:1      | roke1 the Deep Elf Air Elementalist began the quest for the
                  | Orb.
     0 | D:1      | Reached XP level 1. HP: 10/10 MP: 6/6
   265 | D:1      | Reached XP level 2. HP: 10/15 MP: 1/8
   494 | D:1      | Learned a level 2 spell: Swiftness
  1370 | D:2      | Reached XP level 3. HP: 20/20 MP: 5/9
  1828 | D:2      | Learned a level 3 spell: Static Discharge
  2018 | D:2      | Noticed Natasha
  2027 | D:2      | Killed Natasha
  2498 | D:2      | Reached skill level 1 in Fighting
  2498 | D:2      | Reached XP level 4. HP: 13/25 MP: 0/11
  2912 | D:2      | Learned a level 4 spell: Airstrike
  2923 | D:3      | Reached XP level 5. HP: 20/29 MP: 5/12
  3213 | D:3      | Noticed Terence
  3223 | D:3      | Killed Terence
  3663 | D:3      | Reached XP level 6. HP: 34/34 MP: 10/14
  3926 | D:3      | Found a faded altar of an unknown god.
  4142 | D:3      | Found a shimmering blue altar of Sif Muna.
  4542 | D:4      | Found a staircase to the Ecumenical Temple.
  4562 | Temple   | Entered the Ecumenical Temple
  4633 | Temple   | Became a worshipper of Vehumet
  4937 | D:4      | Found a runed translucent door.
  4938 | D:4      | Noticed Crazy Yiuf
  4964 | D:5      | Entered Level 5 of the Dungeon
  5138 | D:5      | Reached skill level 5 in Air Magic
  5138 | D:5      | Reached XP level 7. HP: 25/40 MP: 2/16
  5433 | D:5      | Found a sacrificial altar of Ru.
  5440 | D:5      | Found a white marble altar of Elyvilon.
  5445 | D:5      | Found a burning altar of Makhleb.
  5452 | D:5      | Found a hazy altar of Hepliaklqana.
  5484 | D:5      | Found a shattered altar of Ashenzari.
  5495 | D:5      | Found a sparkling altar of Nemelex Xobeh.
  5502 | D:5      | Found an opulent altar of Gozag.
  5522 | D:5      | Noticed Pikel
  5526 | D:5      | Killed Pikel
  5526 | D:5      | Reached skill level 5 in Spellcasting
  5526 | D:5      | Reached skill level 5 in Conjurations
  5526 | D:5      | Reached XP level 8. HP: 45/45 MP: 0/18
  5688 | D:5      | Found an ornate altar of the Wu Jian Council.
  5777 | D:5      | Reached skill level 5 in Dodging
  6012 | D:5      | Found a snail-covered altar of Cheibriados.
  6013 | D:5      | Found an iron altar of Okawaru.
  7184 | D:6      | Got a faintly glowing robe
  7195 | D:6      | Identified the +2 robe of Xalumos {Int+4} (You found it on
                  | level 6 of the Dungeon)
  7203 | D:6      | Learned a level 5 spell: Lightning Bolt
  7246 | D:6      | Got a transparent leather armour
  7257 | D:6      | Identified the cursed +1 leather armour of Forking Paths
                  | {Regen+ Int-2 Dex+3} (You found it on level 6 of the
                  | Dungeon)
  7796 | D:6      | Reached skill level 1 in Shields
  8133 | D:7      | Reached * piety under Vehumet
  8133 | D:7      | Offered knowledge of Magic Dart by Vehumet.
  8532 | D:7      | Reached XP level 9. HP: 45/51 MP: 12/20
  9210 | D:8      | Noticed Psyche
  9319 | D:8      | Killed Psyche
  9895 | D:8      | Noticed a troll
  9898 | D:8      | Noticed Godmorgon's ghost (novice KoFi)
  9899 | D:8      | Found a bloodstained altar of Trog.
  9953 | D:8      | Noticed a moth of wrath
  9958 | D:8      | Identified the +8 dagger of Symmetry {antimagic, Int+2
                  | Stlth+}
  9963 | D:8      | Found a transporter.
 10048 | D:8      | Found a transporter.
 11299 | D:9      | Reached XP level 10. HP: 58/58 MP: 14/23
 11634 | D:10     | Entered Level 10 of the Dungeon
 12704 | D:10     | Offered knowledge of Searing Ray by Vehumet.
 12770 | D:10     | Reached ** piety under Vehumet
 13044 | D:10     | Reached skill level 5 in Fighting
 13379 | D:10     | Found a staircase to the Lair.
 13716 | Lair:1   | Entered Level 1 of the Lair of Beasts
 13721 | Lair:1   | Reached XP level 11. HP: 36/64 MP: 14/26
 14142 | Lair:1   | Offered knowledge of Mephitic Cloud by Vehumet.
 14151 | Lair:1   | Learned a level 3 spell: Mephitic Cloud
 14395 | Lair:1   | Reached *** piety under Vehumet
 14395 | Lair:1   | Reached skill level 10 in Air Magic
 14427 | Lair:1   | Noticed Fannar
 14509 | Lair:1   | Killed Fannar
 15273 | Lair:1   | Offered knowledge of Stone Arrow by Vehumet.
 15784 | Lair:2   | Noticed a death yak
 15784 | Lair:2   | Noticed a death yak
 15784 | Lair:2   | Noticed a death yak
 15784 | Lair:2   | Noticed a death yak
 15784 | Lair:2   | Noticed a death yak
 15784 | Lair:2   | Noticed a death yak
 15815 | Lair:1   | HP: 3/64 [spiny frog (22)]
 16179 | Lair:2   | Reached skill level 10 in Spellcasting
 16400 | Lair:2   | Reached skill level 10 in Conjurations
 16642 | Lair:2   | Killed a death yak
 16838 | Lair:2   | Noticed Nergalle
 16854 | Lair:2   | Killed Nergalle
 16854 | Lair:2   | Reached XP level 12. HP: 53/70 MP: 3/28
 17249 | Lair:2   | You fall into a shaft and drop 1 floor!
 17368 | Lair:2   | Found a staircase to the Snake Pit.
 17431 | Lair:2   | Noticed a four-headed hydra
 17458 | Lair:2   | Killed a death yak
 17595 | Lair:2   | Killed a four-headed hydra
 17707 | Lair:1   | Killed a death yak
 18192 | Lair:2   | Found a staircase to the Swamp.
 18389 | Lair:2   | Learned a level 7 spell: Orb of Destruction
 18396 | Lair:2   | Learned a level 6 spell: Iron Shot
 18449 | Lair:2   | Killed a death yak
 18587 | Lair:1   | Reached skill level 1 in Earth Magic
 18648 | Lair:2   | Killed a death yak
 18648 | Lair:2   | Reached skill level 10 in Dodging
 18651 | Lair:2   | Killed a death yak
 18651 | Lair:2   | Reached **** piety under Vehumet
 18752 | Lair:3   | Identified a scroll of acquirement
 18752 | Lair:3   | Acquired an uncursed amulet of magic regeneration
 19864 | Lair:4   | Offered knowledge of Fulminant Prism by Vehumet.
 19869 | Lair:4   | Slain by a blink frog

Illustrated notes

Levels and vault maps discovered:
D:1:      saegor_arrival_simple_c, layout_basic, minmay_misc_feat_more_columns
D:2:      layout_loops_corners, uniq_natasha
D:3:      layout_loops_cross, tgw_sif, chequers_ecumenical_altar_simple,
          uniq_terence
D:4:      layout_basic, saegor_snake_ambush, uniq_crazy_yiuf_cottage
D:5:      layout_basic, grunt_temple_overflow_octagram,
          grunt_temple_overflow_open, first_ration, kennysheep_flooded_box,
          uniq_pikel
D:6:      layout_basic, grunt_ministairs_15, abandoned_shop,
          minmay_misc_feat_tiny
D:7:      layout_basic
D:8:      layout_basic, gammafunk_ghost_wrathful_warriors, uniq_psyche
D:9:      layout_grid_maze
D:10:     layout_roguey, grunt_lair_entry_orc_guard_hut
Temple:   minmay_temple_bridge_abc
Lair:1:   layout_small_grid, uniq_fannar
Lair:2:   layout_loops_ring, nicolae_swamp_entry_splash_gauntlet,
          dummy_snake_entry, grunt_megastairs_5, serial_bayou_shore_a,
          uniq_nergalle
Lair:3:   layout_loops_ring, lemuel_fruit_tree
Lair:4:   layout_hall_layers, infiniplex_staircase_pool

Skill      XL: |  1  2  3  4  5  6  7  8  9 10 11 12 |
---------------+-------------------------------------+-----
Conjurations   | 2 3 4 5 6 8 10 11 | 11.4
Fighting       | 1 2 3 4 5 6 |  6.9
Dodging        | 3 4 5 7 8 9 10 | 10.3
Air Magic      | 4 5 6 8 9 10 11 | 11.6
Spellcasting   | 4 5 6 7 9 10 11 | 11.1
Shields        | 1 4 |  4.0
Earth Magic    | 2 |  2.5
Stealth        | |  2.4

Action                   |  1- 3 |  4- 6 |  7- 9 | 10-12 || total
-------------------------+-------+-------+-------+-------++-------
Melee: Unarmed           |     3 |       |       |       ||     3
       Dagger            |    35 |    33 |    25 |    45 ||   138
 Cast: Shock             |    78 |   123 |   167 |   275 ||   643
       Airstrike         |       |     1 |    35 |    65 ||   101
       Static Discharge  |       |     1 |    13 |    27 ||    41
       Lightning Bolt    |       |       |       |    81 ||    81
       Iron Shot         |       |       |       |     4 ||     4
Evoke: Wand              |       |       |       |     3 ||     3
  Use: Scroll            |     3 |     6 |     9 |    10 ||    28
       Potion            |       |       |       |     2 ||     2
 Stab: Sleeping          |       |       |     2 |       ||     2
  Eat: Chunk             |     3 |    10 |    12 |    34 ||    59
       Ration            |       |       |     3 |     2 ||     5
Armor: Robe              |    13 |     6 |    14 |    25 ||    58
       Skin              |       |       |     2 |       ||     2
Dodge: Dodged            |    51 |    46 |    58 |   141 ||   296
       Repelled          |     2 |     3 |     1 |     4 ||    10
Block: Buckler           |       |       |     6 |    78 ||    84
       Reflection        |       |       |       |     4 ||     4
